 Dungeon Crawl Stone Soup version 0.29.0-4-gdea44cf6ec (webtiles) character file.

Game seed: 7622966138031633352

25 qw the Chopper (level 3, 0/21 HPs)
             Began as a Tengu Warper on Aug 28, 2022.
             Succumbed to their own poison gas
             ... on level 1 of the Dungeon.
             The game lasted 00:00:04 (1208 turns).

qw the Chopper (Tengu Warper)                       Turns: 1208, Time: 00:00:05

Health: 0/21       AC:  8    Str: 11 (13) XL:     3   Next: 6%
Magic:  7/7        EV:  5    Int: 10 (13) God:
Gold:   74         SH:  0    Dex: 11 (13) Spells: 6/6 levels left

rFire   . . .      SeeInvis .   Y - +0 hand axe
rCold   . . .      Faith    .   (no shield)
rNeg    . . .      Spirit   .   j - +0 chain mail
rPois   .          Reflect  .   (helmet restricted)
rElec   .          Harm     .   (no cloak)
rCorr   .          Rampage  .   (no gloves)
Will    .....                   (boots unavailable)
Stlth   ..........              (no amulet)
HPRegen 0.07/turn               (no ring)
MPRegen 0.10/turn               (no ring)

@: lethally poisoned (0 -> -5)
A: beak, talons 3
a: no special abilities


You were on level 1 of the Dungeon.
You visited 1 branch of the dungeon, and saw 1 of its levels.

You collected 74 gold pieces.


Innate Abilities, Weirdness & Mutations

You have a beak for a mouth.
You have claws for feet.


   Skills:
 - Level 2.0 Fighting
 + Level 3.8 Axes
 - Level 1.0 Throwing
 - Level 1.1 Armour
 - Level 2.1 Dodging
 - Level 2.0 Spellcasting
 - Level 2.4 Translocations


You had 6 spell levels left.
You didn't know any spells.
Your spell library contained the following spells:

 Spells                   Type           Power      Damage    Failure   Level
 Blink                    Tloc           10%        N/A       100%        2
 Gell's Gravitas          Tloc           5%         N/A       100%        3
 Lesser Beckoning         Tloc           5%         N/A       100%        3
 Teleport Other           Tloc           5%         N/A       100%        3
 Manifold Assault         Tloc           5%         N/A       100%        5

Inventory:

Hand Weapons
 g - a +0 whip
 Y - a +0 hand axe (weapon)
Missiles
 i - 5 boomerangs (quivered)
Armour
 j - a +0 chain mail (worn)
Potions
 d - a potion of magic {unknown}
 f - a potion of attraction {unknown}

Dungeon Overview and Level Annotations

Branches:
Dungeon (1/15)

Altars:


Message History

You start putting on your armour.
You continue putting on your +0 chain mail. x5
You finish putting on your +0 chain mail.
1198 ||| DROPPING +0 scale mail.
You drop a +0 scale mail.
Done exploring.
1199 ||| READING scroll labelled FEKABE KUMEOPT.
The air fills with toxic fumes!
As you read the scroll labelled FEKABE KUMEOPT, it crumbles to dust.
It was a scroll of poison.
Done exploring.
1200 ||| DRINKING 2 sedimented orange potions.
It was a potion of degeneration.
There was something very wrong with that liquid.
You feel weakened.
You feel dopey.
You feel clumsy.
Done exploring.
1201 ||| DROPPING scroll of blinking.
You drop a scroll of blinking.
Done exploring.
1202 ||| DROPPING potion of degeneration.
You drop a potion of degeneration.
Done exploring.
(D) Dungeon
Where to? (* - list waypoints, ? - help)
What level of the Dungeon? (default 1, ? - help) Sorry, I don't know how to get there.
Done exploring.
1203 ||| Stepping randomly (stuck).
Really walk into that cloud of poison gas?
You are engulfed in poison gas.
You are poisoned.
You feel very sick.
1204 ||| Stepping ~*~*~tactically~*~*~ (cloud).
You feel sick.
Items here: ! ? [[.
There is a lethal amount of poison in your body!
You feel sick.
There is a lethal amount of poison in your body!
You feel sick.
There is a lethal amount of poison in your body!
You feel sick.
There is a lethal amount of poison in your body!
You die...

############################
..............>##..........#
...........###.##..........#
###.#......###.##..........#
..#?#.......%...........%..###
.............................#
####.#############.######.##.#
...#.#...¤¤0¤0¤¤0#.#......##.#
##.#.#.####.####@#.#.####.##.#
...#.#....#.#...¤#.#....#.##.#
####.####.#.#.####.####.#.##.#
...^......#.#...........#.##.#
###########.#############.##.#
..........[...............##.#
#...#.#.#.####.#..##########.#
###.#.#.#.####.##.# #.#
###.#.#.#.........####### #.#


There were no monsters in sight!

Vanquished Creatures
  A dart slug (D:1)
  4 ball pythons (D:1)
  A bat (D:1)
  3 endoplasms (D:1)
  A giant cockroach (D:1)
  A hobgoblin (D:1)
  4 jackals (D:1)
  2 kobolds (D:1)
  A quokka (D:1)
  2 rats (D:1)
20 creatures vanquished.

Notes
Turn   | Place    | Note
-------+----------+-------------------------------------------
     0 | D:1      | qw the Tengu Warper began the quest for the Orb.
     0 | D:1      | Reached XP level 1. HP: 12/12 MP: 4/4
     0 | D:1      | 0 ||| qw: Version: 0.1-a-89-g26bdef1
     0 | D:1      | 0 ||| qw: Game counter: 2294
     0 | D:1      | 0 ||| qw: Always use a shield: true
     0 | D:1      | 0 ||| qw: God list: Okawaru
     0 | D:1      | 0 ||| qw: Allow faded altars: false
     0 | D:1      | 0 ||| qw: Do Orc after D:15 true
     0 | D:1      | 0 ||| qw: Do second Lair branch before Depths: true
     0 | D:1      | 0 ||| qw: Lair rune preference: random
     0 | D:1      | 0 ||| qw: Plans: Normal
     0 | D:1      | 0 ||| PLANNING D:1-11
   144 | D:1      | Reached skill level 3 in Axes
   144 | D:1      | Reached XP level 2. HP: 12/17 MP: 6/6
   499 | D:1      | 499 ||| Stepping ~*~*~tactically~*~*~ (stealth).
   513 | D:1      | 513 ||| Stepping ~*~*~tactically~*~*~ (hiding).
   639 | D:1      | Reached XP level 3. HP: 21/21 MP: 7/7
  1177 | D:1      | 1177 ||| UPGRADING to +0 scale mail.
  1187 | D:1      | 1187 ||| DROPPING +0 leather armour.
  1188 | D:1      | 1188 ||| UPGRADING to +0 chain mail.
  1198 | D:1      | 1198 ||| DROPPING +0 scale mail.
  1199 | D:1      | 1199 ||| READING scroll labelled FEKABE KUMEOPT.
  1200 | D:1      | 1200 ||| DRINKING 2 sedimented orange potions.
  1201 | D:1      | 1201 ||| DROPPING scroll of blinking.
  1202 | D:1      | 1202 ||| DROPPING potion of degeneration.
  1203 | D:1      | 1203 ||| Stepping randomly (stuck).
  1204 | D:1      | 1204 ||| Stepping ~*~*~tactically~*~*~ (cloud).
  1205 | D:1      | HP: 4/21 [poisoned by you (poison gas)]
  1207 | D:1      | HP: 1/21 [poisoned by you (poison gas)]
  1208 | D:1      | Succumbed to their own poison gas

Levels and vault maps discovered:
D:1:      dpeg_arrival_refuge, layout_basic, roderic_lattice_a,
          amcnicky_mini_rare_corridor_liquid, hangedman_decor_points,
          minmay_pentomino_r2

Skill      XL: |  1 |
---------------+----+-----
Axes           | 3 |  3.8
Fighting       | |  2.0
Throwing       | |  1.0
Armour         | |  1.1
Dodging        | |  2.1
Spellcasting   | |  2.0
Translocations | |  2.4

Action                   || total
-------------------------++-------
Melee: Hand axe          ||    29
       Kick              ||     7
       Peck              ||     5
Throw: Boomerang         ||    11
  Use: Scroll            ||     1
       Potion            ||     1
Armor: Leather armour    ||     7
Dodge: Dodged            ||    17

Table legend:
 A = Non-vault XP
 B = Vault XP
 C = Vault XP percentage of total XP
 D = Non-vault monster count
 E = Vault monster count
 F = Vault count percentage of total count
                 A         B        C        D         E       F
            +---------+---------+-------+---------+---------+-------
      Total |      33 |       4 |  10.8 |      18 |       2 |  10.0
            +---------+---------+-------+---------+---------+-------
        D:1 |      33 |       4 |  10.8 |      18 |       2 |  10.0
            +---------+---------+-------+---------+---------+-------
